 Dungeon Crawl Stone Soup version 0.30-a0-1160-g6e42c06551 (webtiles) character file.

Game seed: 6455493897125756117

225 nxttrainer the Firebug (level 6, -2/41 HPs)
             Began as a Formicid Fire Elementalist on Apr 26, 2023.
             Was a Believer of Uskayaw.
             Slain by an iguana (13 damage)
             ... on level 6 of the Dungeon on Apr 27, 2023.
             The game lasted 00:27:29 (1640 turns).

nxttrainer the Firebug (Formicid Fire Elementalist) Turns: 1640, Time: 00:27:30

Health: -2/41      AC:  4    Str: 13    XL:     6   Next: 21%
Magic:  6/11       EV: 11    Int: 16    God:    Uskayaw [**....]
Gold:   135        SH:  0    Dex: 14    Spells: 6/12 levels left

rFire   . . .        a - +2 dagger (drain)
rCold   . . .        (no shield)
rNeg    . . .        g - +0 leather armour
rPois   .            (helmet unavailable)
rElec   .            (no cloak)
rCorr   .            e - +0 pair of gloves
SInv    +            (no boots)
Will    .....        (no amulet)
Stlth   ++           (no ring)
HPRegen 0.26/turn    (no ring)
MPRegen 0.12/turn

%: no passive effects
@: no status effects
A: permanent stasis, dig shafts and tunnels, antennae 3, four strong arms
a: Dig, Shaft Self, Renounce Religion, Stomp, Line Pass


You were on level 6 of the Dungeon.
You worshipped Uskayaw.
Uskayaw was noncommittal.
You visited 1 branch of the dungeon, and saw 6 of its levels.

You collected 135 gold pieces.

Inventory:

Hand Weapons
 a - a +2 dagger of draining (weapon)
 b - a +0 sling
 d - a +0 mace
Missiles
 i - 4 datura-tipped darts
 t - 4 stones
Armour
 e - a +0 pair of gloves (worn)
 g - a +0 leather armour (worn)
 o - a +0 robe
 r - a +2 ring mail of cold resistance
 w - the +1 ring mail "Jilileid" {SInv}
   (You found it on level 6 of the Dungeon)

   SInv:      It lets you see invisible.
Wands
 l - a wand of roots (3)
 u - a wand of quicksilver (7)
Scrolls
 c - a scroll of enchant weapon {unknown}
 f - a scroll of fear {unknown}
 j - 5 scrolls of identify {unknown}
 n - a scroll of vulnerability {unknown}
 q - a scroll of fog {unknown}
 s - a scroll of blinking {unknown}
 x - a scroll of amnesia {unknown}
Potions
 h - a potion of magic
 k - a potion of might {unknown}
 m - a potion of curing
 p - 2 potions of attraction {unknown}
 v - a potion of cancellation {unknown}


   Skills:
 - Level 1.7 Dodging
 - Level 2.4 Stealth
 + Level 3.9 Spellcasting
 + Level 2.9 Conjurations
 + Level 4.4 Fire Magic


You had 6 spell levels left.
You knew the following spells:

 Your Spells              Type           Power      Damage    Failure   Level
a - Volatile Blastmotes   Fire/Tloc      20%        2d11      26%         3
x - Scorch                Fire           34%        2d6       5%          2
z - Foxfire               Conj/Fire      60%        2x1d7     4%          1

Your spell library contained the following spells:

 Spells                   Type           Power      Damage    Failure   Level
 Inner Flame              Hex/Fire       10%        N/A       26%         3
 Flame Wave               Conj/Fire      15%        2d7       43%         4


Dungeon Overview and Level Annotations

Branches:
Dungeon (6/15)
 Temple: D:4-7

Altars:
Cheibriados
Dithmenos
Kikubaaqudgha
Ru
Sif Muna
Uskayaw
Vehumet
Xom
Yredelemnul
The Shining One

Shops:
D:6 :

Annotations:
D:2 Natasha
D:6 Menkaure


Innate Abilities, Weirdness & Mutations

You cannot be hasted, slowed, berserked, paralysed or teleported.
You can dig through walls and to a lower floor.
You have a pair of large antennae on your head. (SInv)
Your four strong arms can wield two-handed weapons with a shield.


Message History

Confirm with . or Enter, or press ? or * to list all spells.
You conjure some foxfire!
Your foxfire dissipates!
The iguana attacks as you move away! The iguana bites you!
A wight comes into view. It is wielding a +0 dagger.
You hear the rusting of a distant drain.
The foxfire hits the iguana.
The iguana is burned terribly!
The iguana is heavily wounded.
Casting: Foxfire (safe; 4% risk of failure)
Confirm with . or Enter, or press ? or * to list all spells.
You conjure some foxfire!
The iguana is no longer more vulnerable to fire.
The iguana bites you.
Unknown command.
Your foxfire dissipates!
The foxfire hits the iguana.
The iguana is heavily wounded.
You can now pass through a line of other dancers.
You hit the iguana.
The iguana is severely wounded.
The iguana bites you!
Casting: Foxfire (safe; 4% risk of failure)
Confirm with . or Enter, or press ? or * to list all spells.
Flames lash the wight.
The wight is moderately damaged.
The wight's fire resistance burns away.
The iguana barely misses you.
Unknown command.
Casting: Scorch (safe; 5% risk of failure)
Confirm with . or Enter, or press ? or * to list all spells.
Okay, then.
The iguana attacks as you move away! The iguana bites you!
* * * LOW HITPOINT WARNING * * *
The iguana attacks as you move away! The iguana bites you!
* * * LOW HITPOINT WARNING * * *
A wight comes into view. It is wielding a +3 short sword.
The iguana attacks as you move away! The iguana closely misses you.
The iguana attacks as you move away! The iguana closely misses you.
The wight is no longer more vulnerable to fire.
It was a potion of curing.
You feel better. The iguana bites you!
You die...

## #### ### #..
#...{{{..# .... #..# #.#
..... #..#####.##...##
###..##∩##........
#....##.##.....#
###....#...#@...#
#.........zl....###.. #
#..##.......####..#...
....##...#..####.......
.....).......###......##
#..>.##...............###
#...{
#...#.............## ##.
#.z................. #.{
.....................


You could see an iguana and a wight.

Vanquished Creatures
  A scorpion (D:6)
  2 hounds
  An iguana (D:5)
  Ijyb (D:5)
  An adder (D:5)
  An ufetubus (D:4)
  9 orcs
  3 ball pythons
  4 endoplasms
  A giant cockroach (D:3)
  3 goblins
  A kobold (D:4)
  2 bats
  2 frilled lizards (D:2)
  4 rats
36 creatures vanquished.

Vanquished Creatures (others)
  86 foxfires
86 creatures vanquished.

Grand Total: 122 creatures vanquished

Notes
Turn   | Place    | Note
-------+----------+-------------------------------------------
     0 | D:1      | nxttrainer the Formicid Fire Elementalist began the quest
                  | for the Orb.
     0 | D:1      | Reached XP level 1. HP: 13/13 MP: 3/3
   157 | D:2      | Reached skill level 1 in Conjurations
   260 | D:1      | Found a faded altar of an unknown god.
   408 | D:3      | Reached XP level 2. HP: 6/12 MP: 0/5
   493 | D:2      | Noticed Natasha
   512 | D:2      | You fall into a shaft and drop 2 floors!
   516 | D:4      | Found a shimmering altar of Xom.
   565 | D:4      | Found an ancient bone altar of Kikubaaqudgha.
   640 | D:4      | Learned a level 2 spell: Scorch
   690 | D:4      | Found a glowing golden altar of the Shining One.
   697 | D:4      | Found a shimmering blue altar of Sif Muna.
   697 | D:4      | Found a sacrificial altar of Ru.
   756 | D:3      | Noticed a +0 short sword
   757 | D:3      | Noticed a +0 spear
   757 | D:3      | Noticed a +0 falchion
   757 | D:3      | Noticed a +0 dagger
   758 | D:3      | Noticed a +0 short sword
   759 | D:3      | Noticed a +0 spear
   759 | D:3      | Noticed a +0 falchion
   759 | D:3      | Noticed a +0 dagger
   760 | D:3      | Found a hide-covered altar of Uskayaw.
   782 | D:2      | Reached XP level 3. HP: 12/13 MP: 3/6
   940 | D:3      | Became a worshipper of Uskayaw the Reveller
   978 | D:4      | Reached * piety under Uskayaw
   986 | D:4      | Reached ** piety under Uskayaw
  1067 | D:4      | Found a basalt altar of Yredelemnul.
  1074 | D:4      | Found a radiant altar of Vehumet.
  1074 | D:4      | Found a shadowy altar of Dithmenos.
  1075 | D:4      | Found a snail-covered altar of Cheibriados.
  1091 | D:5      | Entered Level 5 of the Dungeon
  1129 | D:5      | Noticed Ijyb
  1203 | D:5      | Killed Ijyb
  1204 | D:5      | Reached XP level 4. HP: 19/24 MP: 8/8
  1355 | D:5      | Noticed a centaur
  1411 | D:5      | Reached XP level 5. HP: 28/29 MP: 4/9
  1418 | D:6      | Noticed Menkaure
  1515 | D:5      | Reached skill level 4 in Fire Magic
  1567 | D:5      | Learned a level 3 spell: Volatile Blastmotes
  1590 | D:6      | Reached *** piety under Uskayaw
  1591 | D:6      | Reached XP level 6. HP: 32/41 MP: 6/11
  1593 | D:6      | Identified the +1 ring mail "Jilileid" {SInv}
  1609 | D:6      | Found Zeewoj's Tiny Tomes.
  1636 | D:6      | HP: 1/41 [iguana (10)]
  1640 | D:6      | Slain by an iguana

Illustrated notes

Levels and vault maps discovered:
D:1:      nagdon_arrival_zigzag_paths, layout_basic,
          shapermc_ecumenical_altar_totnotflames
D:2:      minmay_door_path, layout_loops_ring, serial_shops,
          nicolae_shop_back_alley_shop, uniq_natasha
D:3:      layout_basic, nicolae_uskayaw_en_pointe
D:4:      layout_loops_ring, grunt_temple_overflow_open,
          mainiacjoe_overflow_large_starburst, dreamdust_gnoll_farm
D:5:      layout_basic, serial_shops, nicolae_shop_tiny_glass,
          minmay_manual_mares, uniq_ijyb
D:6:      layout_cave_pools, gup_sewer_entry_bubbles,
          hangedman_decor_peaks_small, nicolae_shop_i_like_small_books_too,
          minmay_joined_circles, uniq_menkaure

Skill      XL: |  1  2  3  4  5 |
---------------+----------------+-----
Conjurations   | 1 2 |  2.9
Spellcasting   | 3 |  3.9
Fire Magic     | 4 |  4.4
Dodging        | |  1.7
Stealth        | |  2.4

Action                     |  1- 3 |  4- 6 || total
---------------------------+-------+-------++-------
  Melee: Unarmed           |    19 |       ||    19
         Dagger            |    17 |     6 ||    23
   Cast: Foxfire           |    48 |    20 ||    68
         Scorch            |       |     5 ||     5
 Invoke: Stomp             |       |     1 ||     1
Ability: Dig               |     4 |     1 ||     5
         Shaft Self        |     1 |       ||     1
  Evoke: Wand              |     1 |     1 ||     2
    Use: Potion            |       |     1 ||     1
   Stab: Sleeping          |     1 |       ||     1
         Paralysed         |       |     1 ||     1
 Armour: Robe              |     2 |       ||     2
         Leather armour    |    10 |     1 ||    11
         Skin              |     5 |       ||     5
  Dodge: Dodged            |    32 |     6 ||    38

Table legend: (Time is in decaauts)
 A = Elapsed time spent in this place.
 B = Non-inter-level travel time spent in this place.
 C = Inter-level travel time spent in this place.
 D = Time resting spent in this place.
 E = Time spent auto-exploring this place.
 F = Levels seen in this place.
 G = Mean time per level.
                   A        B        C        D        E       F      G
               +--------+--------+--------+--------+--------+-----+--------+
         Total |   1622 |   1611 |     11 |      0 |     97 |   6 |  270.3 |
       Dungeon |   1622 |   1611 |     11 |      0 |     97 |   6 |  270.3 |
               +--------+--------+--------+--------+--------+-----+--------+

Top non-repeatable levels by time:
     D:5: 467 daAuts
     D:4: 341 daAuts
     D:2: 269 daAuts
     D:3: 261 daAuts
     D:1: 219 daAuts
     D:6: 63 daAuts
